AoeStats
← Comend x comend

Arena

509450047Analyzed
3v3 RM · 4d ago on Sep 26, 2026· 35m 18s· 6 players
Game mode
Random Map
Map size
Normal (6 player)
Population
200
Speed
Normal
Resources
Standard
Victory
Conquest
Starting age
Dark Age
Ending age
Imperial Age
RankedLock teamsTeams togetherTeam positionsShared explorationLock speedFull tech treeHidden civsTurbo modeCheats
Victory
Defeat
🇧🇷 Jurchens · Brazil
1501
+11
🇧🇷 Cumans · Brazil
1453
+12
🇧🇷 Turks · Brazil
1412
+14
🇨🇴 Cumans · Colombia
1395
-13
🇵🇪 Turks · Peru
1368
-12
🇪🇸 Teutons · Spain
1356
-12
Comend x comend
0:28 Loom
11:41 Feudal Age
16:05 Castle Age
21:29 Imperial Age
wilkerbrice12
8:40 Feudal Age
7:52 Loom
9:48 Town Watch
10:41 Fletching
22:14 Wheelbarrow
22:13 Horse Collar
22:39 Stone Mining
27:55 Castle Age
26:18 Gold Mining
26:17 Double-Bit Axe
29:22 Bow Saw
29:51 Scale Barding Armor
31:22 Forging
33:22 Stone Shaft Mining
33:06 Bloodlines
Cafernaun
9:32 Feudal Age
10:06 Double-Bit Axe
18:55 Wheelbarrow
18:26 Gold Mining
19:45 Horse Collar
20:53 Stone Mining
27:20 Castle Age
26:42 Loom
28:17 Bow Saw
28:08 Heavy Plow
28:45 Gold Shaft Mining
29:26 Hand Cart
29:15 Scale Mail Armor
29:18 Pikeman
31:53 Chain Mail Armor
32:32 Forging
32:26 Squires
32:12 Arson
34:08 Iron Casting
37:25 Imperial Age
35:23 Town Watch
35:30 Fletching
digitallimao
10:17 Feudal Age
9:23 Loom
10:56 Double-Bit Axe
10:52 Horse Collar
12:30 Fletching
20:54 Wheelbarrow
25:45 Castle Age
23:59 Stone Mining
24:39 Gold Mining
26:31 Bodkin Arrow
26:56 Bow Saw
27:21 Guard Tower
27:59 Heavy Plow
31:51 Town Watch
32:53 Gold Shaft Mining
33:30 Hand Cart
34:05 Scale Mail Armor
34:44 Forging
35:11 Chain Mail Armor
35:22 Squires
rick rush
3:41 Loom
8:56 Feudal Age
11:20 Double-Bit Axe
11:59 Horse Collar
13:28 Wheelbarrow
18:08 Gold Mining
20:33 Scale Barding Armor
20:46 Forging
22:45 Castle Age
20:43 Town Watch
23:35 Bloodlines
23:56 Chain Barding Armor
24:11 Iron Casting
26:02 Bow Saw
25:55 Heavy Plow
34:25 Hand Cart
SS_Tiozão
8:04 Loom
9:50 Feudal Age
11:01 Double-Bit Axe
12:06 Forging
12:06 Man-at-Arms
22:31 Castle Age
21:08 Horse Collar
21:20 Gold Mining
24:05 Wheelbarrow
24:56 Bloodlines
32:13 Bow Saw
32:06 Heavy Plow
32:43 Gold Shaft Mining
34:14 Hand Cart
33:57 Stone Mining
Connection lost

Rejoining the realm…

Still unreachable

The connection could not be restored.

Session expired

The server has moved on; the page needs a fresh start.